 Dungeon Crawl Stone Soup version 0.19.5 (webtiles) character file.

321 Hybris the Poker (level 6, 0/47 HPs)
             Began as a Demonspawn Berserker on Mar 25, 2017.
             Was a Priest of Trog.
             Slain by a gnoll
             ... wielding a cursed +0 spear
              (3 damage)
             ... on level 4 of the Dungeon.
             The game lasted 00:07:39 (2592 turns).

Hybris the Poker (Demonspawn Berserker)             Turns: 2592, Time: 00:07:40

Health: 0/47       AC:  5    Str: 19    XL:     6   Next: 22%
Magic:  6/6        EV: 12    Int:  8    God:    Trog [***...]
Gold:   197        SH:  0    Dex: 13    Spells: 0 memorised, 5 levels left

rFire  . . .     SeeInvis .     k - +1 whip (elec)
rCold  . . .     Gourm    .     b - +1 animal skin
rNeg   . . .     Faith    .     (no shield)
rPois  .         Spirit   .     (no helmet)
rElec  .         Reflect  .     (no cloak)
rCorr  .         Harm     .     (no gloves)
MR     .....                    (no boots)
Stlth  +.........               (no amulet)
                                (no ring)
                                (no ring)

@: exhausted, slowed, very slow
A: thin metallic scales 1, powered by death 1, spiny 1
a: Berserk, Trog's Hand, Burn Spellbooks, Renounce Religion


You were on level 4 of the Dungeon.
You worshipped Trog.
Trog was most pleased with you.
You were very hungry.

You visited 1 branch of the dungeon, and saw 4 of its levels.

You collected 197 gold pieces.

Inventory:

Hand Weapons
 a - a +0 spear
 k - a +1 whip of electrocution (weapon)
Armour
 b - a +1 animal skin (worn)
Scrolls
 d - 2 scrolls of identify
 e - 2 scrolls of blinking
 i - 3 scrolls of enchant armour
 j - a scroll of magic mapping
 m - a scroll of remove curse
 n - 4 scrolls of teleportation {unknown}
 q - a scroll of enchant weapon {unknown}
 t - a scroll of immolation {unknown}
Potions
 f - 2 potions of might {unknown}
 g - 2 potions of berserk rage
 h - a potion of flight {unknown}
 l - 3 potions of curing {unknown}
 o - a potion of cure mutation {unknown}
 s - a potion of heal wounds {unknown}
Comestibles
 c - 4 bread rations
 p - a royal jelly
 r - 10 chunks of flesh


   Skills:
 - Level 3.0 Fighting
 * Level 4.3 Maces & Flails
 - Level 4.4 Polearms
 - Level 1.7 Armour
 - Level 1.7 Dodging


You had 5 spell levels left.
You didn't know any spells.

Dungeon Overview and Level Annotations

Branches:
Dungeon (4/15)             Temple (0/1) D:4

Altars:
Dithmenos
The Shining One

Annotations:
D:4 Natasha


Innate Abilities, Weirdness & Mutations

You are partially covered in thin metallic scales. (AC +2)
You regenerate a little health from kills.
You are partially covered in sharp spines.


Message History

A gnoll comes into view. It is wielding a spear.
You hit the gnoll.
The gnoll is almost dead.
The gnoll is struck by your spines.
You kill the gnoll!
Trog accepts your kill.
You feel a strong urge to attack something.
You feel your anger subside.
You are no longer berserk.
You are exhausted.
You feel yourself slow down.
Natasha mumbles some strange words.
Items here: ))) ÷÷ a flail; a dagger; a club; an orc skeleton x2
You are feeling very hungry.
The gnoll hits you from afar with a spear!
* * * LOW HITPOINT WARNING * * *
It was a potion of berserk rage.
You're too exhausted to go berserk.
Natasha mumbles some strange words.
The gnoll hits you from afar with a spear.
You die...

.....# ...... ###.....
.......... ... ..(..#
#.. #...# #.⌠.#...##
.###...###.<### ..
...........@..#
.....⌠..>..⌠..##.#
.... .......)g# .###.
...###...###)##.....
##...#.⌠.#.........#
###....#...#...#######
..............h.#
.........####...### .
...##..#####.#...# .#


You could see Natasha and a gnoll.

Vanquished Creatures
  2 ogres
  A gnoll (D:4)
  4 adders
  A worm (D:2)
  2 dart slugs
  3 leopard geckos (D:2)
  10 orcs
  2 giant cockroaches
  10 goblins
  11 hobgoblins
  4 jackals (D:2)
  3 ball pythons
  16 bats
  3 frilled lizards
  7 kobolds
  6 rats
85 creatures vanquished.

Notes
Turn   | Place    | Note
-------+----------+-------------------------------------------
     0 | D:1      | Hybris the Demonspawn Berserker began the quest for the Orb.
     0 | D:1      | Reached XP level 1. HP: 18/18 MP: 1/1
   173 | D:1      | Gained mutation: You are partially covered in sharp spines. [demonic ancestry]
   173 | D:1      | Reached XP level 2. HP: 24/24 MP: 2/2
   621 | D:1      | Reached ** piety under Trog
   985 | D:2      | Reached XP level 3. HP: 29/29 MP: 3/3
  1217 | D:2      | Reached XP level 4. HP: 27/35 MP: 4/4
  1540 | D:2      | Found a shadowy altar of Dithmenos.
  1792 | D:3      | Noticed an ogre
  1799 | D:3      | Killed an ogre
  1799 | D:3      | Gained mutation: You regenerate a little health from kills. [demonic ancestry]
  1799 | D:3      | Reached XP level 5. HP: 41/41 MP: 5/5
  2145 | D:3      | Reached *** piety under Trog
  2464 | D:3      | Found a glowing golden altar of the Shining One.
  2525 | D:4      | Found a staircase to the Ecumenical Temple.
  2563 | D:4      | Noticed an ogre
  2579 | D:4      | Killed an ogre
  2579 | D:4      | Gained mutation: You are partially covered in thin metallic scales. (AC +2) [demonic ancestry]
  2579 | D:4      | Reached XP level 6. HP: 7/47 MP: 6/6
  2580 | D:4      | Noticed Natasha
  2592 | D:4      | Slain by a gnoll

Skill      XL: |  1  2  3  4  5 |
---------------+----------------+-----
Polearms       | 3 4 |  4.4
Maces & Flails | 2 4 |  4.3
Fighting       | |  3.0
Armour         | |  1.7
Dodging        | |  1.7

Action                   |  1- 3 |  4- 6 || total
-------------------------+-------+-------++-------
Melee: Spear             |   110 |       ||   110
       Whip              |       |    75 ||    75
Invok: Berserk           |     1 |     1 ||     2
  Use: Scroll            |     6 |       ||     6
       Potion            |       |     1 ||     1
 Stab: Sleeping          |     2 |       ||     2
  Eat: Chunk             |     2 |     4 ||     6
Armor: Animal skin       |    18 |    12 ||    30
Dodge: Dodged            |    31 |    38 ||    69
